 Dungeon Crawl Stone Soup version 0.24-a0-493-g7e4ddcd485 (webtiles) character file.

Game seed: 10373890835819737031

102 Mithandil the Conjurer (level 4, -6/24 HPs)
             Began as a Deep Elf Conjurer on July 12, 2019.
             Mangled by a worm (8 damage)
             ... on level 2 of the Dungeon.
             The game lasted 00:12:02 (1539 turns).

Mithandil the Conjurer (Deep Elf Conjurer)          Turns: 1539, Time: 00:12:03

Health: -6/24      AC:  9    Str: 11    XL:     4   Next: 49%
Magic:  1/12       EV: 12    Int: 20    God:
Gold:   111        SH:  0    Dex: 15    Spells: 9/12 levels left

rFire    . . .     SeeInvis .   a - +0 dagger
rCold    . . .     Gourm    .   (no shield)
rNeg     . . .     Faith    .   m - +0 leather armour
rPois    .         Spirit   .   (no helmet)
rElec    .         Reflect  .   (no cloak)
rCorr    .         Harm     .   (no gloves)
MR       .....                  (no boots)
Stlth    ++........             (no amulet)
HPRegen  0.08/turn              l - +5 ring of strength
MPRegen  0.13/turn              j - +6 ring of protection

@: no status effects
A: no striking features
a: no special abilities


You were on level 2 of the Dungeon.
You were not hungry.

You visited 1 branch of the dungeon, and saw 3 of its levels.

You collected 111 gold pieces.

Inventory:

Hand Weapons
 a - a +0 dagger (weapon)
 b - a +0 short sword
Missiles
 f - 19 arrows
 h - 65 stones (quivered)
Armour
 m - a +0 leather armour (worn)
 o - a cursed +0 chain mail
Jewellery
 j - a +6 ring of protection (right hand)
 l - a +5 ring of strength (left hand)
Scrolls
 k - a scroll of random uselessness {unknown}
 n - a scroll of fog {unknown}
Potions
 e - a potion of cancellation {unknown}
 g - 3 potions of haste {unknown}
Comestibles
 c - 4 rations
 d - 2 chunks of flesh


   Skills:
 - Level 2.4 Dodging
 + Level 3.5 Stealth
 * Level 4.7 Spellcasting
 * Level 5.3 Conjurations


You had 9 spell levels left.
You knew the following spells:

 Your Spells              Type           Power        Failure   Level  Hunger
a - Magic Dart            Conj           ####         1%          1    None
b - Searing Ray           Conj           ####..       2%          2    #......

Your spell library contained the following spells:

 Spells                   Type           Power        Failure   Level  Hunger
 Dazzling Spray           Conj/Hex       ###...       16%         3    ##.....
 Iskenderun's Mystic Bla  Conj           ####....     17%         4    ####...
 Force Lance              Conj/Tloc      ###.....     45%         4    ####...
 Fulminant Prism          Conj/Hex       ###.......   45%         4    ####...


Dungeon Overview and Level Annotations

Branches:
Dungeon (3/15)

Altars:


Message History

The magic dart hits the worm.
The worm is moderately wounded.
The worm bites you.
Casting: Magic Dart (safe; 1% risk of failure)
Confirm with . or Enter, or press ? or * to list all spells.
Aiming: Magic Dart (safe; 1% risk of failure)
Press: ? - help, Shift-Dir - straight line, f/p - worm
Aim: a worm (lightly wounded)
The magic dart hits the worm.
The worm is heavily wounded.
You hit the worm.
The worm is heavily wounded.
The worm bites you!
* * * LOW HITPOINT WARNING * * *
The worm bites you.
* * * LOW HITPOINT WARNING * * *
You hit the worm.
The worm is heavily wounded.
The worm bites you!
You die...

#.# #.# #.# #.# #.#
#.# #.#
#################.#
.†)....w...>..ww@.#
##########.########
#.# #.# #.# #.# #.#
. ## ###.## $##.?
#....#


You could see 2 worms.

Vanquished Creatures
  Natasha (D:2)
  3 adders (D:2)
  An ooze (D:1)
  A worm (D:2)
  2 dart slugs (D:1)
  2 ball pythons (D:1)
  3 giant cockroaches
  6 goblins
  5 hobgoblins
  4 bats (D:1)
  7 kobolds
  5 rats
40 creatures vanquished.

Notes
Turn   | Place    | Note
-------+----------+-------------------------------------------
     0 | D:1      | Mithandil the Deep Elf Conjurer began the quest for the
                  | Orb.
     0 | D:1      | Reached XP level 1. HP: 10/10 MP: 6/6
   187 | D:1      | Reached XP level 2. HP: 15/15 MP: 5/8
   191 | D:1      | Learned a level 2 spell: Searing Ray
   588 | D:1      | Reached XP level 3. HP: 19/19 MP: 6/10
   987 | D:2      | Reached skill level 5 in Conjurations
  1223 | D:2      | Noticed Natasha
  1278 | D:2      | Killed Natasha
  1278 | D:2      | Reached XP level 4. HP: 12/24 MP: 10/12
  1539 | D:2      | Mangled by a worm

Levels and vault maps discovered:
D:1:      scummos_arrival_hexagon, layout_loops_ring
D:2:      layout_basic, first_ration, uniq_natasha
D:3:      layout_rooms

Skill      XL: |  1  2  3 |
---------------+----------+-----
Stealth        | 3 |  3.5
Spellcasting   | 4 |  4.7
Conjurations   | 5 |  5.3
Dodging        | |  2.4

Action                   |  1- 3 |  4- 6 || total
-------------------------+-------+-------++-------
Melee: Short sword       |    10 |       ||    10
       Unarmed           |     3 |       ||     3
       Dagger            |       |     6 ||     6
 Cast: Magic Dart        |    55 |    18 ||    73
  Use: Scroll            |     1 |     1 ||     2
  Eat: Chunk             |     1 |     1 ||     2
Armor: Leather armour    |     1 |       ||     1
       Skin              |     1 |       ||     1
Dodge: Dodged            |    15 |     3 ||    18

Table legend:
 A = Non-vault XP
 B = Vault XP
 C = Vault XP percentage of total XP
 D = Non-vault monster count
 E = Vault monster count
 F = Vault count percentage of total count
                 A         B        C        D         E       F
            +---------+---------+-------+---------+---------+-------
      Total |     110 |      36 |  24.7 |      39 |       1 |   2.5
            +---------+---------+-------+---------+---------+-------
        D:1 |      52 |       0 |   0.0 |      26 |       0 |   0.0
        D:2 |      58 |      36 |  38.3 |      13 |       1 |   7.1
            +---------+---------+-------+---------+---------+-------
